 Dungeon Crawl Stone Soup version 0.27.0-1-g7a089689b8 (webtiles) character file.

Game seed: 7529544281181025881

58 Thatpatchoflichen the Ogre Mage (level 4, -9/42 HPs)
             Began as an Ogre Hedge Wizard on Aug 6, 2021.
             Mangled by a wyvern zombie (15 damage)
             ... on level 3 of the Dungeon on Aug 7, 2021.
             The game lasted 00:15:19 (3777 turns).

Thatpatchoflichen the Ogre Mage (Ogre Hedge Wizard) Turns: 3777, Time: 00:15:19

Health: -9/42      AC:  3    Str: 14    XL:     4   Next: 1%
Magic:  4/10       EV: 14    Int: 21    God:
Gold:   118        SH:  0    Dex:  9    Spells: 4/11 levels left

rFire    . . .     SeeInvis .   f - +0 club
rCold    . . .     Faith    .   (no shield)
rNeg     . . .     Spirit   .   b - +0 robe
rPois    .         Reflect  .   c - +0 hat
rElec    .         Harm     .   (no cloak)
rCorr    .         Rampage  .   (gloves unavailable)
Will     .....                  (boots unavailable)
Stlth    +.........             (no amulet)
HPRegen  0.14/turn              e - +4 ring of evasion
MPRegen  0.12/turn              h - +6 ring of intelligence

@: no status effects
A: large, unfitting armour, tough skin 1
a: no special abilities


You were on level 3 of the Dungeon.
You visited 1 branch of the dungeon, and saw 4 of its levels.

You collected 118 gold pieces.

Inventory:

Hand Weapons
 a - a +0 dagger
 f - a +0 club (weapon)
 l - a +1 dagger of electrocution
Armour
 b - a +0 robe (worn)
 c - a +0 hat (worn)
Magical Staves
 o - a staff of poison
Jewellery
 e - a +4 ring of evasion (left hand)
 h - a +6 ring of intelligence (right hand)
 r - a ring of magical power
Scrolls
 d - a scroll of acquirement {unknown}
 j - a scroll of noise {unknown}
 k - 3 scrolls of identify {unknown}
 m - 3 scrolls of fog {unknown}
 n - a scroll of enchant armour {unknown}
 p - a scroll of amnesia {unknown}
 s - a scroll of teleportation {unknown}
Potions
 g - a potion of invisibility {unknown}
 i - 3 potions of curing {unknown}
 q - a potion of might {unknown}


   Skills:
 + Level 2.2 Fighting
 + Level 0.2 Maces & Flails
 - Level 2.0 Dodging
 - Level 1.4 Stealth
 - Level 4.0 Spellcasting
 + Level 1.5 Conjurations
 + Level 1.3 Hexes
 - Level 0.8 Summonings
 - Level 0.8 Translocations


You had 4 spell levels left.
You knew the following spells:

 Your Spells              Type           Power      Damage    Failure   Level
a - Magic Dart            Conj           40%        1d5       6%          1
b - Slow                  Hex            9%         N/A       11%         2
c - Call Imp              Summ           7%         N/A       13%         2
d - Blink                 Tloc           N/A        N/A       13%         2

Your spell library contained the following spells:

 Spells                   Type           Power      Damage    Failure   Level
 Conjure Flame            Conj/Fire      7%         6-21      26%         3
 Gell's Gravitas          Tloc           3%         N/A       26%         3
 Teleport Other           Tloc           7%         N/A       26%         3
 Mephitic Cloud           Conj/Pois/Air  6%         N/A       28%         3
 Dispersal                Tloc           3%         N/A       100%        6


Dungeon Overview and Level Annotations

Branches:
Dungeon (4/15)
 Temple: D:4-7

Altars:
Cheibriados
Ru

Shops:
D:1 =


Innate Abilities, Weirdness & Mutations

You are too large for most types of armour.
You have tough skin. (AC +1)


Message History

Your shadow imp hits the wyvern zombie.
The frilled lizard completely misses your shadow imp.
The wyvern zombie bites your shadow imp.
Your shadow imp hits the frilled lizard.
The frilled lizard dies!
Your shadow imp hits the wyvern zombie.
Casting: Call Imp (safe; 13% risk of failure)
Confirm with . or Enter, or press ? or * to list all spells.
A beastly little devil appears in a puff of frigid air.
The wyvern zombie bites your shadow imp!
Your shadow imp dies!
Your magical contamination has completely faded away.
You swap places.
The wyvern zombie barely misses your white imp. x2
Your shadow imp hits the wyvern zombie but does no damage.
Your white imp completely misses the wyvern zombie.
The wyvern zombie closely misses your white imp.
Your white imp hits the wyvern zombie.
Your white imp freezes the wyvern zombie.
The wyvern zombie resists.
The wyvern zombie bites your white imp but does no damage.
Your shadow imp barely misses the wyvern zombie.
Your white imp hits the wyvern zombie.
Your white imp freezes the wyvern zombie.
The wyvern zombie completely resists.
There's nothing to close nearby.
Casting: Call Imp (safe; 13% risk of failure)
Confirm with . or Enter, or press ? or * to list all spells.
A beastly little devil appears in a puff of flame.
The wyvern zombie barely misses you.
The wyvern zombie bites you but does no damage.
The wyvern zombie misses you.
Your crimson imp barely misses the wyvern zombie.
The wyvern zombie barely misses you.
Your shadow imp disappears in a puff of smoke!
The wyvern zombie bites you. The wyvern zombie bites you!
* * * LOW HITPOINT WARNING * * *
The wyvern zombie bites you!
You die...

#..........## #..5.......#
#..........# # ##########
####...###.# # ##........####
#...# #.# # ##............#
#...# #.# ###
.......<......####.## #.# ...
.###......<..Z5..5...####.#
###.#...........@.......>.....#
.....###............###########
.....# #..........### ###..#
#..........# .....#
#..........# ###.##
#####.####.# #.# #.# #.# #.#
#.## #.## #.# #..###..##


You could see a wyvern zombie (ally target), a friendly crimson imp (summoned)
and a friendly white imp (summoned).

Vanquished Creatures
  A dart slug (D:2)
  6 ball pythons
  6 endoplasms
  A giant cockroach (D:2)
  6 goblins
  2 hobgoblins
  3 jackals
  2 quokkas (D:1)
  5 frilled lizards
  5 kobolds
  6 rats
43 creatures vanquished.

Vanquished Creatures (collateral kills)
  An adder (D:2)
  An endoplasm (D:2)
  A goblin (D:1)
  A jackal (D:2)
  A bat (D:2)
  2 frilled lizards
  2 rats (D:1)
9 creatures vanquished.

Grand Total: 52 creatures vanquished

Notes
Turn   | Place    | Note
-------+----------+-------------------------------------------
     0 | D:1      | Thatpatchoflichen the Ogre Hedge Wizard began the quest for
                  | the Orb.
     0 | D:1      | Reached XP level 1. HP: 16/16 MP: 5/5
    14 | D:1      | Found Viteopt's Jewellery Shoppe.
   365 | D:1      | Reached XP level 2. HP: 26/26 MP: 3/6
   366 | D:1      | Reached skill level 1 in Fighting
   557 | D:1      | Reached skill level 1 in Conjurations
   662 | D:1      | Learned a level 2 spell: Slow
   665 | D:1      | Learned a level 2 spell: Call Imp
   668 | D:1      | Learned a level 2 spell: Blink
  1164 | D:1      | Reached skill level 1 in Hexes
  1164 | D:1      | Reached XP level 3. HP: 29/33 MP: 8/8
  1621 | D:2      | Reached skill level 4 in Spellcasting
  3613 | D:3      | Found a snail-covered altar of Cheibriados.
  3661 | D:4      | Noticed an ogre
  3710 | D:3      | Reached XP level 4. HP: 40/42 MP: 10/10
  3729 | D:3      | Found a sacrificial altar of Ru.
  3777 | D:3      | Mangled by a wyvern zombie

Illustrated notes

Levels and vault maps discovered:
D:1:      amcnicky_arrival_single_pillar, layout_basic, serial_shops,
          nicolae_shop_crystal, minmay_misc_feat_rows,
          chequers_serial_rivers_large_b
D:2:      layout_loops_corners, minmay_misc_feat_iff
D:3:      layout_loops_ring, nicolae_overflow_crystal_walls,
          general_overflow_altar, zin_angel, makhleb_altar_promises_db,
          shapermc_ecumenical_altar_hornbeckon
D:4:      layout_loops_cross, ashenzari_altar_1

Skill      XL: |  1  2  3 |
---------------+----------+-----
Fighting       | 1 2 |  2.2
Dodging        | 2 |  2.0
Conjurations   | 1 |  1.5
Hexes          | 1 |  1.3
Spellcasting   | 4 |  4.0
Maces & Flails | |  0.2
Stealth        | |  1.4
Summonings     | |  0.8
Translocations | |  0.8

Action                   |  1- 3 |  4- 6 || total
-------------------------+-------+-------++-------
Melee: Dagger            |    22 |       ||    22
       Club              |   168 |     4 ||   172
 Cast: Magic Dart        |    24 |       ||    24
       Call Imp          |     7 |     4 ||    11
       Slow              |     3 |       ||     3
 Stab: Sleeping          |     1 |       ||     1
Armor: Robe              |    79 |     3 ||    82
Dodge: Dodged            |   226 |    10 ||   236
